 Dungeon Crawl Stone Soup version 0.30-b1-2-g02819fbbbe (webtiles) character file.

Game seed: 4096919917934572924

10 Alarkh the Vexing (level 2, 21/21 HPs)
             Began as a Demonspawn Hexslinger on July 8, 2023.
             Got out of the dungeon alive.
             The game lasted 00:00:19 (249 turns).

Alarkh the Vexing (Demonspawn Hexslinger)            Turns: 249, Time: 00:00:20

Health: 21/21      AC:  2    Str: 10    XL:     2   Next: 10%
Magic:  3/3        EV: 12    Int: 14    God:
Gold:   8          SH:  4    Dex: 13    Spells: 2/3 levels left

rFire   . . .        a - +1 sling
rCold   . . .        (no shield)
rNeg    . . .        c - +0 robe
rPois   .            (no helmet)
rElec   .            (no cloak)
rCorr   +            (no gloves)
SInv    .            (no boots)
Will    .....        (no amulet)
Stlth   +            d - ring of resist corrosion
HPRegen 0.23/turn    (no ring)
MPRegen 0.08/turn

%: no passive effects
@: no status effects
A: large bone plates 1
a: no special abilities


You escaped.
You visited 1 branch of the dungeon, and saw 1 of its levels.

You collected 8 gold pieces.

Inventory:

Hand Weapons
 a - a +1 sling (weapon)
Armour
 c - a +0 robe (worn)
Jewellery
 d - a ring of resist corrosion (left hand)
Scrolls
 b - a scroll of poison
 e - a scroll of immolation {unknown}
Potions
 f - a potion of lignification {unknown}
 g - a potion of haste {unknown}


   Skills:
 + Level 1.4 Fighting
 * Level 2.3 Ranged Weapons
 - Level 1.7 Dodging
 - Level 1.0 Spellcasting
 - Level 3.0 Hexes


You had 2 spell levels left.
You knew the following spells:

 Your Spells              Type           Power      Damage    Failure   Level
a - Slow                  Hex            36%        N/A       8%          1

Your spell library contained the following spells:

 Spells                   Type           Power      Damage    Failure   Level
 Magic Dart               Conj           0%         1d3       26%         1
 Summon Small Mammal      Summ           0%         N/A       26%         1
 Call Imp                 Summ           0%         N/A       36%         2
 Inner Flame              Hex/Fire       4%         N/A       38%         3
 Portal Projectile        Hex/Tloc       8%         N/A       38%         3
 Summon Guardian Golem    Hex/Summ       4%         N/A       38%         3
 Cause Fear               Hex            4%         N/A       58%         4
 Call Canine Familiar     Summ           0%         N/A       61%         3
 Mephitic Cloud           Conj/Pois/Air  0%         N/A       61%         3


Dungeon Overview and Level Annotations

Branches:
Dungeon (1/15)

Altars:


Innate Abilities, Weirdness & Mutations

You are partially covered in large bone plates. (SH +4)


Message History

No target in view!
There is an escape hatch in the floor here.
A quokka and a giant cockroach come into view.
There are monsters nearby!
There are monsters nearby!
You shoot a sling bullet. The sling bullet hits the quokka.
The quokka is almost dead.
You shoot a sling bullet. The sling bullet hits the quokka.
You kill the quokka!
You have reached level 2!
Your demonic ancestry asserts itself...
Large bone plates grow over parts of your arms.
You shoot a sling bullet.
The sling bullet barely misses the giant cockroach.
You shoot a sling bullet.
The sling bullet closely misses the giant cockroach.
The giant cockroach barely misses you. The giant cockroach bites you.
You shoot a sling bullet.
The sling bullet hits the giant cockroach.
The giant cockroach is heavily wounded.
The giant cockroach bites you but does no damage.
You shoot a sling bullet.
The sling bullet completely misses the giant cockroach.
You block the giant cockroach's attack. The giant cockroach closely misses you.
You shoot a sling bullet.
The sling bullet hits the giant cockroach but does no damage.
The giant cockroach is heavily wounded.
The giant cockroach bites you.
You shoot a sling bullet.
The sling bullet hits the giant cockroach!
You kill the giant cockroach!
No target in view!
Found a scroll labelled GUFOWURGHOA.
g - a ruby potion
There is a stone staircase leading down here.
There is a stone staircase leading down here.
You see here 6 atropa-tipped darts.
There is a staircase leading out of the dungeon here.
Are you sure you want to leave the Dungeon?
This will make you lose the game!
You have escaped!

#.#####.# ####.......#
#####
....######.#########...#
###.# #.....(.......##
#.# #.♣♣♣♣♣♣♣♣♣....#
###.#
#.♣PP..PP..♣.#.....#
....### #.♣PP..P...♣.#
###.. #.....#
##.♣..PP...P♣.#
#.#.#.###..♣..P.@.PP♣.#
...........♣PP...P..♣.##
#.###.###..♣P...PP..♣..#
#.....# ##.♣...P..PP♣..#
####### #.♣..PP..PP♣..#
#..♣♣♣♣♣♣♣♣♣..#
##...(.........#
##....######..#.#
##.....## ##.#.#


There were no monsters in sight!

Vanquished Creatures
  2 bats (D:1)
  A giant cockroach (D:1)
  A goblin (D:1)
  A hobgoblin (D:1)
  A quokka (D:1)
  A ball python (D:1)
  2 rats (D:1)
9 creatures vanquished.

Notes
Turn   | Place    | Note
-------+----------+-------------------------------------------
     0 | D:1      | Alarkh the Demonspawn Hexslinger began the quest for the
                  | Orb.
     0 | D:1      | Reached XP level 1. HP: 15/15 MP: 2/2
   201 | D:1      | Gained mutation: You are partially covered in large bone
                  | plates. (SH +4) [demonic ancestry]
   201 | D:1      | Reached XP level 2. HP: 21/21 MP: 3/3
   249 | D:$      | Got out of the dungeon alive.

Illustrated notes

Levels and vault maps discovered:
D:1:      scummos_arrival_checkerplants, layout_loops_corners,
          hellmonk_ecumenical_altar_leap_of_faith, kennysheep_flooded_box,
          minmay_pentomino_s2

Skill      XL: |  1 |
---------------+----+-----
Ranged Weapons | 2 |  2.3
Fighting       | |  1.4
Dodging        | |  1.7
Spellcasting   | |  1.0
Hexes          | |  3.0

Action                     || total
---------------------------++-------
   Fire: Sling             ||    26
 Armour: Robe              ||     2
  Dodge: Dodged            ||     3
  Block: Other             ||     1
